 Dungeon Sprint DCSS version 0.26-a0-651-gb41185065b (webtiles) character file.

Game seed: 1426727793871231650

963 mhtbhm the Carver (level 7, -4/74 HPs)
             Began as a Red Draconian Berserker on Sept 30, 2020.
             Was a Priest of Trog.
             Slain by a red devil
             ... wielding a +1 trident of venom
             ... summoned by a kobold demonologist
              (5 damage)
             ... in the Dungeon (Sprint I: "Red Sonja").
             The game lasted 00:01:05 (443 turns).

mhtbhm the Carver (Red Draconian Berserker)          Turns: 443, Time: 00:01:07

Health: -4/74      AC:  6    Str: 22    XL:     7   Next: 92%
Magic:  7/7        EV: 16    Int:  7    God:    Trog [***...]
Gold:   329        SH:  0    Dex: 10    Spells: 6/6 levels left

rFire    + . .     SeeInvis .   a - +0 falchion
rCold    . . .     Faith    .   (no shield)
rNeg     . . .     Spirit   .   (armour unavailable)
rPois    .         Reflect  .   (helmet restricted)
rElec    .         Harm     .   (no cloak)
rCorr    .         Rampage  .   (no gloves)
MR       .....     NoTele   +   (no boots)
Stlth    +.........             (no amulet)
HPRegen  0.22/turn              (no ring)
MPRegen  0.10/turn              (no ring)

@: berserk cooldown, slowed, very slow
A: breathe fire, unfitting armour, fire resistance 1, cold-blooded, AC +6
a: Breathe Fire, Berserk, Trog's Hand, Renounce Religion


You were in the Dungeon.
You worshipped Trog.
Trog was most pleased with you.
You visited 1 branch You collected 417 gold pieces.
You spent 88 gold pieces at shops.

Inventory:

Hand Weapons
 a - a +0 falchion (weapon)
Scrolls
 g - a scroll of blinking
 j - a scroll of identify {unknown}
Potions
 c - a potion of heal wounds
 d - a potion of haste
 e - 2 potions of magic
 f - a potion of berserk rage
 h - 2 potions of invisibility
 i - 2 potions of might {unknown}


   Skills:
 + Level 11.0 Fighting
 + Level 11.2 Long Blades
 + Level 9.1 Dodging
 + Level 0.7 Stealth


You had 6 spell levels left.
You didn't know any spells.
Your spell library was empty.

Dungeon Overview and Level Annotations

Branches:
Dungeon (1/1)

Altars:
Cheibriados
Dithmenos
Elyvilon
Fedhas
Gozag
Hepliaklqana
Kikubaaqudgha
Makhleb
Nemelex Xobeh
Okawaru
Qazlal
Ru
Sif Muna
Trog
Uskayaw
Vehumet
Wu Jian
Xom
Yredelemnul
Zin
The Shining One
Jiyva
Lugonu

Shops:
D !


Innate Abilities, Weirdness & Mutations

You can breathe blasts of fire.
Your fiery red scales are hard. (AC +6)
You cannot fit into any form of body armour.
Your flesh is heat resistant. (rF+)
You are cold-blooded and may be slowed by cold attacks.


Message History

You feel sick.
The kobold demonologist hits you with a +0 dagger.
The hellwing hits you! x2
The red devil hits you from afar with a +1 trident of venom!
* * * LOW HITPOINT WARNING * * *
You are lethally poisoned!
Unknown command.
You feel better.
The kobold demonologist begins to cast a cantrip, but forgets the words!
The hellwing hits you!
* * * LOW HITPOINT WARNING * * *
The hellwing completely misses you.
The red devil hits you from afar with a +1 trident of venom.
* * * LOW HITPOINT WARNING * * *
The kobold demonologist hits you but does no damage.
The hellwing hits you.
* * * LOW HITPOINT WARNING * * *
The hellwing closely misses you.
The red devil hits you from afar with a +1 trident of venom.
You die...

#####################
.)..#.)'..#__#4.@K5.#
.#..'..#..'..'..#4..#
###'#####'#__####...+
##..#...#.#### ####
_####..##.#
____##'#_.+
.∩..†'..._#
..__##_.#'#
____###+#.#


You could see a hellwing (summoned), a kobold demonologist, a red devil
(summoned) and an iron imp (summoned).

Vanquished Creatures
  A kobold demonologist (D)
  A slime creature (D)
  Sigmund (D)
  A yak (D)
  A floating eye (D)
  An ogre (D)
  A jelly (D)
  Ijyb (D)
8 creatures vanquished.

Notes
Turn   | Place    | Note
-------+----------+-------------------------------------------
     0 | D        | mhtbhm the Draconian Berserker began the quest for the Orb.
     0 | D        | Reached XP level 1. HP: 19/19 MP: 1/1
     2 | D        | Noticed Ijyb
    13 | D        | Killed Ijyb
    13 | D        | Reached skill level 5 in Fighting
    13 | D        | Reached XP level 2. HP: 29/29 MP: 2/2
    58 | D        | Noticed an ogre
    65 | D        | Killed an ogre
    65 | D        | Reached skill level 5 in Dodging
    65 | D        | Reached XP level 3. HP: 38/38 MP: 3/3
    65 | D        | Reached XP level 4. HP: 45/45 MP: 4/4
   110 | D        | Noticed Sigmund
   116 | D        | Killed Sigmund
   116 | D        | Reached ** piety under Trog
   116 | D        | Reached XP level 5. HP: 55/55 MP: 5/5
   153 | D        | Found a burning altar of Makhleb.
   153 | D        | Found a viscous altar of Jiyva.
   153 | D        | Found a shimmering altar of Xom.
   153 | D        | Found a corrupted altar of Lugonu.
   153 | D        | Noticed a slime creature
   159 | D        | Killed a slime creature
   159 | D        | Reached XP level 6. HP: 64/64 MP: 6/6
   203 | D        | Found an ornate altar of the Wu Jian Council.
   203 | D        | Found a shimmering blue altar of Sif Muna.
   205 | D        | Found a radiant altar of Vehumet.
   229 | D        | Found Izaloss's Distillery.
   229 | D        | Found an ancient bone altar of Kikubaaqudgha.
   229 | D        | Found a hazy altar of Hepliaklqana.
   229 | D        | Found a stormy altar of Qazlal.
   229 | D        | Found a hide-covered altar of Uskayaw.
   229 | D        | Found a blossoming altar of Fedhas.
   229 | D        | Found a bloodstained altar of Trog.
   229 | D        | Found an iron altar of Okawaru.
   229 | D        | Found a basalt altar of Yredelemnul.
   229 | D        | Found a glowing golden altar of the Shining One.
   229 | D        | Found a snail-covered altar of Cheibriados.
   229 | D        | Found a sacrificial altar of Ru.
   229 | D        | Found a glowing silver altar of Zin.
   229 | D        | Found a shadowy altar of Dithmenos.
   229 | D        | Found a white marble altar of Elyvilon.
   229 | D        | Noticed a yak
   230 | D        | Found an opulent altar of Gozag.
   241 | D        | Killed a yak
   241 | D        | Reached *** piety under Trog
   241 | D        | Reached skill level 10 in Fighting
   241 | D        | Reached skill level 10 in Long Blades
   241 | D        | Your scales start taking on a fiery red colour.
   241 | D        | Reached XP level 7. HP: 37/72 MP: 7/7
   241 | D        | Gained mutation: Your flesh is heat resistant. (rF+) [Red
                  | Draconian growth]
   242 | D        | Found a sparkling altar of Nemelex Xobeh.
   246 | D        | Bought a potion of invisibility for 88 gold pieces
   413 | D        | Noticed a kobold demonologist
   414 | D        | Noticed a kobold demonologist
   415 | D        | Noticed a neqoxec
   415 | D        | Paralysed by a floating eye for 3 turns
   432 | D        | Killed a kobold demonologist
   437 | D        | Noticed a hellwing
   439 | D        | Noticed a red devil
   443 | D        | HP: 3/74 [red devil/+1 trident of venom[a kobold
                  | demonologist] (6)]
   443 | D        | HP: 1/74 [hellwing[a kobold demonologist] (2)]
   443 | D        | Slain by a red devil

Illustrated notes

Levels and vault maps discovered:
D:        dungeon_sprint_1 [red_sonja_temple_1, red_sonja_temple_small_1]

Skill      XL: |  1  2  3  4  5  6  7 |
---------------+----------------------+-----
Fighting       | 5 6 8 9 10 11 | 11.0
Long Blades    | 4 6 8 9 10 11 | 11.2
Dodging        | 4 5 6 7 8 9 |  9.1
Stealth        | |  0.7

Action                   |  1- 3 |  4- 6 |  7- 9 || total
-------------------------+-------+-------+-------++-------
Melee: Falchion          |    15 |    22 |    25 ||    62
       Tailslap          |     1 |     6 |     2 ||     9
Invok: Berserk           |     2 |     2 |     1 ||     5
  Use: Potion            |       |       |     1 ||     1
Armor: Skin              |     2 |     1 |     4 ||     7
Dodge: Dodged            |     2 |    12 |    18 ||    32
       Rpst.: Falchion   |       |     3 |     3 ||     6

Table legend: (Time is in decaauts)
 A = Elapsed time spent in this place.
 B = Non-inter-level travel time spent in this place.
 C = Inter-level travel time spent in this place.
 D = Time resting spent in this place.
 E = Time spent auto-exploring this place.
 F = Levels seen in this place.
 G = Mean time per level.
                   A        B        C        D        E       F      G
               +--------+--------+--------+--------+--------+-----+--------+
         Total |    467 |    467 |      0 |    286 |      0 |   1 |  467.0 |
       Dungeon |    467 |    467 |      0 |    286 |      0 |   1 |  467.0 |
               +--------+--------+--------+--------+--------+-----+--------+

Top non-repeatable levels by time:
       D: 467 daAuts
